 Dungeon Crawl Stone Soup version 0.18-a0-1285-g60d00e1 (webtiles) character file.

43656 Duffy the Unseen (level 13, -4/68 HPs)
             Began as a Spriggan Enchanter on Feb 8, 2016.
             Was the Champion of Lugonu.
             Slain by a death yak (14 damage)
             ... on level 8 of the Lair of Beasts.
             The game lasted 00:51:40 (24779 turns).

Duffy the Unseen (Spriggan Enchanter)              Turns: 24779, Time: 00:51:40

Health: -4/68      AC:  6    Str:  9    XL:     13   Next: 92%
Magic:  1/27       EV: 25    Int: 18    God:    Lugonu [******]
Gold:   755        SH: 11    Dex: 20    Spells: 7 memorised, 14 levels left

rFire  + + .     SeeInvis +     X - +4 dagger (speed)
rCold  . . .     Gourm    .     b - +0 steam dragon armour
rNeg   . . .     Faith    .     f - +2 buckler {rF+}
rPois  +         Spirit   .     (helmet restricted)
rElec  .         Dismiss  .     q - +0 cloak {rPois}
rCorr  .         Reflect  .     (gloves unavailable)
SustAt .         Harm     .     (boots unavailable)
MR     ++...                    R - amulet of regeneration
Stlth  ++++++++..               L - ring of protection from fire
                                S - +5 ring of strength

@: repel missiles, very quick, very resistant to hostile enchantments,
extraordinarily stealthy
A: unfitting armour, see invisible, herbivore 3, speed 3, slow metabolism 2
a: Depart the Abyss, Bend Space, Banish, Corrupt, Enter the Abyss, Brand Weapon
With Distortion, Renounce Religion


You were on level 8 of the Lair of Beasts.
You worshipped Lugonu.
Lugonu was exalted by your worship.
You were near starving.

You visited 3 branches of the dungeon, and saw 22 of its levels.
You also visited: Labyrinth.

You collected 925 gold pieces.
You spent 170 gold pieces at shops.


Innate Abilities, Weirdness & Mutations

You are tiny and cannot use many weapons and most armour.
You have supernaturally acute eyesight.
You are a herbivore.
You cover ground extremely quickly.
You need consume almost no food.


   Skills:
 + Level 8.0 Fighting
 - Level 9.0 Short Blades
 - Level 8.2 Dodging
 - Level 16.2 Stealth
 - Level 8.0 Shields
 - Level 9.4 Spellcasting
 - Level 9.0 Hexes
 - Level 4.0 Charms
 - Level 5.5 Translocations
 - Level 2.2 Air Magic
 - Level 8.1 Invocations


You had 14 spell levels left.
You knew the following spells:

 Your Spells              Type           Power        Failure   Level  Hunger
a - Ensorcelled Hibernat  Hex/Ice        ###...       1%          2    None
c - Confuse               Hex            #####...     1%          3    None
e - Apportation           Tloc           ####......   1%          1    None
j - Dazzling Spray        Conj/Hex       ###.....     4%          3    None
l - Tukima's Dance        Hex            #####...     1%          3    None
m - Repel Missiles        Chrm/Air       ###...       4%          2    None
w - Swiftness             Chrm/Air       ###.....     4%          2    None

Inventory:

Hand Weapons
 W - a +4 blowgun
 X - a +4 dagger of speed (weapon)
Missiles
 p - 45 poisoned needles
 P - 3 curare-tipped needles
Armour
 b - a +0 steam dragon armour (worn)
 f - a +2 buckler of fire resistance (worn)
 q - a +0 cloak of poison resistance (worn)
Magical Staves
 Z - an uncursed staff of energy
Jewellery
 y - an uncursed ring of sustain attributes
 L - a ring of protection from fire (right hand)
 R - an amulet of regeneration (around neck)
 S - a +5 ring of strength (left hand)
Wands
 m - a wand of acid (4/15)
 v - a wand of disintegration (15/24)
 F - a wand of iceblast (8/15)
Scrolls
 e - 3 scrolls of magic mapping
 g - 14 scrolls of remove curse
 n - 4 scrolls of recharging
 t - 5 scrolls of amnesia
 u - 3 scrolls of immolation
 w - 10 scrolls of teleportation
 x - 5 scrolls of enchant armour
 D - 3 scrolls of enchant weapon
 G - 4 scrolls of fear
 J - 2 scrolls of summoning
 Y - a scroll of holy word
Potions
 c - a potion of resistance {unknown}
 h - 2 potions of flight
 i - 6 potions of heal wounds
 j - 10 potions of brilliance
 k - a potion of magic {unknown}
 l - 6 potions of curing
 o - 4 potions of might
 r - 6 potions of lignification
 z - 6 potions of haste {unknown}
 A - 2 potions of degeneration {unknown}
 B - 3 potions of agility {unknown}
 E - 2 potions of berserk rage
 H - a potion of cancellation {unknown}
 K - a potion of ambrosia {unknown}
 M - a potion of invisibility {unknown}
 N - a potion of beneficial mutation {unknown}
 T - 3 potions of mutation {unknown}
Comestibles
 a - 2 fruits
 d - 11 bread rations

Dungeon Overview and Level Annotations

Branches:
Dungeon (13/15)            Temple (1/1) D:4            Lair (8/8) D:8
  Slime (0/6) Lair:6          Orc (0/2) D:9
  Swamp: Lair:3-6    Shoals: Lair:3-6     Snake: Lair:3-6    Spider: Lair:3-6
 Vaults: D:13-14

Altars:
Ashenzari
Cheibriados
Dithmenos
Elyvilon
Fedhas
Gozag
Kikubaaqudgha
Makhleb
Nemelex Xobeh
Okawaru
Pakellas
Qazlal
Ru
Sif Muna
Trog
Vehumet
Xom
Yredelemnul
Zin
The Shining One
Jiyva
Lugonu

Shops:
D:6 *   D:8 *


Message History

Press: ? - help, Shift-Dir - straight line, f - death yak
Aim: a death yak (chance to defeat MR: 19%)
The death yak resists with almost no effort.
You feel somewhat more hungry.
Press: ? - help, Shift-Dir - straight line, f/p - death yak
Aim: a death yak (chance to defeat MR: 19%)
The death yak resists with almost no effort.
You feel quite a bit more hungry.
Press: ? - help, Shift-Dir - straight line, f/p - death yak
Aim: a death yak (chance to defeat MR: 19%)
The death yak resists with almost no effort.
You are feeling hungry.
Press: ? - help, Shift-Dir - straight line, f/p - death yak
Aim: a death yak (chance to defeat MR: 19%)
The death yak resists with almost no effort.
You feel somewhat more hungry.
Press: ? - help, Shift-Dir - straight line, f/p - death yak
Aim: a death yak (chance to defeat MR: 19%)
The death yak resists with almost no effort.
You are feeling very hungry.
The death yak gores you! The death yak misses you.
Press: ? - help, Shift-Dir - straight line, f/p - death yak
Aim: a death yak (chance to defeat MR: 19%)
The death yak resists with almost no effort.
You feel somewhat more hungry. The death yak closely misses you.
You block the death yak's attack.
Press: ? - help, Shift-Dir - straight line, f/p - death yak
Aim: a death yak (chance to defeat MR: 19%)
The death yak resists with almost no effort.
You are near starving!
The death yak gores you!! The death yak barely misses you.
The death yak gores you!! You block the death yak's attack.
The death yak gores you!
You die...

## ##### #.# ###.#.###
### .#
#.######.#....P###..#
...#....P.......PP#.....
............Y..P.PPPP...
.....P.....@YY.....PPP..
#...........##....PPPPPP
...#P.<..####..P.P#.PPP
#P....P#...[.....P..
....PP...........#....
....PP....#....PP...#...
....P#......#..PPP.#..
....##....#...P..... ...
#... #......#.PP..... ..


You could see 3 death yaks.

Action                   |  1- 3 |  4- 6 |  7- 9 | 10-12 | 13-15 || total
-------------------------+-------+-------+-------+-------+-------++-------
Melee: Dagger            |   106 |   177 |   257 |   631 |   670 ||  1841
 Cast: Ensorcelled Hiber |     2 |     2 |    88 |   119 |   121 ||   332
       Confuse           |       |    10 |    44 |   149 |    19 ||   222
       Tukima's Dance    |       |       |    13 |    34 |       ||    47
       Dazzling Spray    |       |       |       |     6 |    15 ||    21
       Repel Missiles    |       |       |       |       |     1 ||     1
Invok: Banish            |       |       |       |       |     7 ||     7
Evoke: Wand              |       |       |       |     1 |       ||     1
  Use: Scroll            |       |       |     6 |    11 |     7 ||    24
       Potion            |       |       |       |     1 |       ||     1
 Stab: Sleeping          |    24 |    18 |    73 |   105 |    99 ||   319
       Confused          |       |     5 |    28 |    69 |     9 ||   111
       Distracted        |       |       |       |     3 |     1 ||     4
       Invisible         |       |       |       |       |    16 ||    16
  Eat: Pizza             |       |     1 |       |     9 |     1 ||    11
       Bread ration      |       |       |     1 |       |       ||     1
       Fruit             |       |       |       |       |     3 ||     3

Notes
Turn   | Place    | Note
--------------------------------------------------------------
     0 | D:1      | Duffy the Spriggan Enchanter began the quest for the Orb.
     0 | D:1      | Reached XP level 1. HP: 9/9 MP: 5/5
    89 | D:1      | You fall through a shaft!
   137 | D:2      | Reached skill level 2 in Short Blades
   137 | D:2      | Reached XP level 2. HP: 13/13 MP: 6/6
   142 | D:2      | Learned a level 2 spell: Ensorcelled Hibernation
   149 | D:2      | Reached skill level 5 in Stealth
   593 | D:1      | Reached XP level 3. HP: 14/16 MP: 8/8
  1208 | D:1      | Learned a level 3 spell: Confuse
  1411 | D:2      | Reached skill level 3 in Short Blades
  1411 | D:2      | Reached skill level 6 in Stealth
  1455 | D:2      | Found a radiant altar of Vehumet.
  1480 | D:2      | Found a blossoming altar of Fedhas.
  1480 | D:2      | Found a snail-covered altar of Cheibriados.
  1514 | D:2      | Reached XP level 4. HP: 21/21 MP: 9/9
  1680 | D:2      | Found a bloodstained altar of Trog.
  1829 | D:2      | Noticed Crazy Yiuf
  1852 | D:2      | Killed Crazy Yiuf
  2565 | D:3      | Found a sparkling altar of Nemelex Xobeh.
  2583 | D:3      | Noticed Grinder
  2600 | D:3      | Paralysed by Grinder for 2 turns
  2692 | D:3      | Killed Grinder
  2692 | D:3      | Reached skill level 5 in Short Blades
  2692 | D:3      | Reached skill level 8 in Stealth
  2692 | D:3      | Reached XP level 5. HP: 18/24 MP: 6/10
  2692 | D:3      | Reached XP level 6. HP: 21/28 MP: 6/11
  2776 | D:3      | Learned a level 3 spell: Tukima's Dance
  2778 | D:3      | Found an opulent altar of Gozag.
  2780 | D:3      | Noticed Natasha
  2874 | D:4      | Found a staircase to the Ecumenical Temple.
  2882 | Temple   | Entered the Ecumenical Temple
  2893 | Temple   | Became a worshipper of Lugonu the Unformed
  2893 | Temple   | Reached * piety under Lugonu
  3014 | D:4      | Reached skill level 3 in Spellcasting
  3045 | D:4      | Reached skill level 4 in Hexes
  3108 | D:4      | Found a glowing golden altar of the Shining One.
  3177 | D:4      | Learned a level 3 spell: Dazzling Spray
  3355 | D:3      | Reached ** piety under Lugonu
  3382 | D:3      | Reached skill level 4 in Spellcasting
  3542 | D:3      | Noticed Jessica
  3558 | D:3      | Killed Jessica
  3558 | D:3      | Reached XP level 7. HP: 29/32 MP: 4/14
  3756 | D:3      | Found an oddly glowing altar of Pakellas.
  3836 | D:3      | Killed Natasha
  3940 | D:3      | Reached skill level 5 in Hexes
  4214 | D:3      | Noticed Natasha
  4224 | D:3      | Killed Natasha
  4582 | D:4      | Reached skill level 5 in Spellcasting
  4614 | D:5      | Entered Level 5 of the Dungeon
  4672 | D:5      | Noticed Sigmund
  4765 | D:5      | Killed Sigmund
  4765 | D:5      | Reached skill level 6 in Spellcasting
  4765 | D:5      | Reached skill level 6 in Hexes
  4904 | D:5      | Noticed Pikel
  4912 | D:5      | Killed Pikel
  4912 | D:5      | Reached skill level 7 in Spellcasting
  4912 | D:5      | Reached skill level 7 in Hexes
  4912 | D:5      | Reached XP level 8. HP: 36/36 MP: 18/20
  4950 | D:5      | Reached skill level 8 in Hexes
  5067 | D:5      | Reached skill level 8 in Spellcasting
  5234 | D:5      | Reached *** piety under Lugonu
  5978 | D:6      | Found Leidugach's Assorted Antiques.
  6080 | D:6      | Bought a scroll labeled SONLAV TULI for 20 gold pieces
  6080 | D:6      | Bought a scroll labeled XUER KOXZIAMO for 20 gold pieces
  6080 | D:6      | Bought a scroll labeled WIRI MAECROL for 20 gold pieces
  6104 | D:6      | Reached skill level 9 in Hexes
  6242 | D:6      | Reached XP level 9. HP: 39/39 MP: 22/22
  6298 | D:6      | Reached skill level 9 in Spellcasting
  7199 | D:7      | Reached skill level 1 in Fighting
  7199 | D:7      | Reached skill level 4 in Dodging
  7284 | D:7      | Reached **** piety under Lugonu
  7545 | D:7      | Reached skill level 2 in Fighting
  7545 | D:7      | Reached skill level 5 in Dodging
  7781 | D:7      | Found a sacrificial altar of Ru.
  7796 | D:7      | Noticed Dowan
  7797 | D:7      | Noticed Duvessa
  7809 | D:7      | Reached skill level 6 in Dodging
  7884 | D:7      | Killed Duvessa
  7884 | D:7      | Reached skill level 3 in Fighting
  8032 | D:7      | Killed Dowan
  8343 | D:7      | Found a deep blue altar of Sif Muna.
  8369 | D:7      | Reached skill level 7 in Dodging
  8658 | D:8      | Reached ***** piety under Lugonu
  8669 | D:8      | Found Verphod's General Store.
  8672 | D:8      | Reached skill level 4 in Fighting
  8820 | D:8      | Reached skill level 8 in Dodging
  8826 | D:8      | Bought a scroll of enchant armour for 75 gold pieces
  8826 | D:8      | Bought a scroll of fear for 35 gold pieces
  9000 | D:8      | Reached skill level 1 in Invocations
  9004 | D:8      | Found a shimmering altar of Xom.
  9037 | D:8      | Reached XP level 10. HP: 32/51 MP: 3/24
  9211 | D:8      | Reached skill level 2 in Invocations
  9351 | D:8      | Found a staircase to the Lair.
  9420 | D:8      | Reached skill level 5 in Fighting
  9420 | D:8      | Reached skill level 3 in Invocations
  9633 | D:8      | Found a shattered altar of Ashenzari.
 10319 | D:9      | Found a staircase to the Orcish Mines.
 10349 | D:9      | Reached skill level 4 in Invocations
 10954 | D:9      | Found a shadowy altar of Dithmenos.
 11155 | D:8      | Reached skill level 5 in Invocations
 11261 | D:9      | Reached skill level 6 in Fighting
 11524 | D:9      | Found a stormy altar of Qazlal.
 11606 | D:10     | Entered Level 10 of the Dungeon
 11628 | D:10     | Found a burning altar of Makhleb.
 11720 | D:10     | You fall through a shaft for 3 floors!
 11755 | D:12     | Noticed a gargoyle
 11761 | D:12     | Killed a gargoyle
 12061 | D:12     | Reached skill level 9 in Stealth
 12158 | D:12     | Noticed an unseen horror
 12166 | D:12     | Killed an unseen horror
 12166 | D:12     | Reached ****** piety under Lugonu
 12166 | D:12     | Reached skill level 6 in Invocations
 12193 | D:12     | Noticed a gargoyle
 12205 | D:12     | Killed a gargoyle
 12205 | D:12     | Reached skill level 10 in Stealth
 12464 | D:12     | Reached XP level 11. HP: 56/56 MP: 20/25
 12547 | D:11     | Found a labyrinth entrance.
 12566 | D:11     | Noticed a hill giant
 12571 | Lab      | Entered a labyrinth
 13147 | Lab      | Reached skill level 7 in Invocations
 13158 | Lab      | Reached skill level 11 in Stealth
 13213 | Lab      | Noticed a minotaur
 13284 | Lab      | Killed a minotaur
 13340 | D:11     | Killed a hill giant
 13621 | D:10     | Noticed a hill giant
 13627 | D:10     | Killed a hill giant
 13735 | D:10     | Reached skill level 12 in Stealth
 13773 | D:10     | Reached skill level 8 in Invocations
 14131 | D:10     | Noticed a hill giant
 14151 | D:10     | Killed a hill giant
 14255 | D:10     | Noticed an unseen horror
 14263 | D:10     | Killed an unseen horror
 14854 | D:11     | Reached skill level 6 in Short Blades
 14972 | D:11     | Reached skill level 13 in Stealth
 15912 | D:12     | Reached skill level 7 in Short Blades
 16067 | D:12     | Found a runed door.
 16071 | D:12     | Noticed a stone giant
 16071 | D:12     | Noticed a tengu reaver
 16072 | D:12     | Noticed an ettin
 16072 | D:12     | Noticed a yaktaur captain
 16082 | D:12     | Noticed a deep elf mage
 16096 | D:12     | Killed a deep elf mage
 16284 | D:12     | Noticed a brown ugly thing
 16312 | D:12     | Killed a brown ugly thing
 16312 | D:12     | Reached skill level 14 in Stealth
 16750 | D:12     | Reached skill level 8 in Short Blades
 16897 | D:12     | Killed an ettin
 16897 | D:12     | Reached XP level 12. HP: 61/61 MP: 14/26
 17334 | D:12     | Killed a yaktaur captain
 17796 | D:12     | Killed a stone giant
 17838 | D:12     | Reached skill level 15 in Stealth
 17842 | D:12     | Reached skill level 9 in Short Blades
 18143 | D:12     | Killed a tengu reaver
 18143 | D:12     | Reached skill level 16 in Stealth
 18328 | D:13     | Reached skill level 1 in Shields
 18546 | D:13     | Reached skill level 2 in Shields
 18777 | D:13     | Reached skill level 3 in Shields
 19022 | D:13     | Reached skill level 4 in Shields
 19035 | D:13     | Noticed a centaur warrior
 19107 | D:13     | Killed a centaur warrior
 19350 | D:13     | Noticed Rupert
 19380 | D:13     | Killed Rupert
 19380 | D:13     | Reached skill level 5 in Shields
 19465 | D:13     | Noticed Erolcha
 19472 | D:13     | Killed Erolcha
 19587 | D:9      | Reached skill level 6 in Shields
 19748 | Lair:1   | Entered Level 1 of the Lair of Beasts
 19757 | Lair:1   | Learned a level 1 spell: Apportation
 19760 | Lair:1   | Learned a level 2 spell: Repel Missiles
 19763 | Lair:1   | Learned a level 2 spell: Swiftness
 19857 | Lair:1   | Noticed an eight-headed hydra
 19866 | Lair:1   | Killed an eight-headed hydra
 19866 | Lair:1   | Reached XP level 13. HP: 61/65 MP: 27/27
 20122 | Lair:1   | Reached skill level 7 in Shields
 21457 | Lair:2   | Reached skill level 8 in Shields
 21977 | Lair:2   | Reached skill level 1 in Charms
 22023 | Lair:2   | Found a basalt altar of Yredelemnul.
 22246 | Lair:2   | Reached skill level 2 in Charms
 22248 | Lair:2   | Reached skill level 1 in Air Magic
 22272 | Lair:2   | Reached skill level 3 in Charms
 22480 | Lair:2   | Reached skill level 2 in Air Magic
 22520 | Lair:2   | Reached skill level 4 in Charms
 22765 | Lair:2   | Reached skill level 2 in Translocations
 22878 | Lair:2   | Reached skill level 3 in Translocations
 23128 | Lair:3   | Reached skill level 4 in Translocations
 23315 | Lair:3   | Reached skill level 5 in Translocations
 23974 | Lair:3   | Reached skill level 7 in Fighting
 24670 | Lair:6   | Found a staircase to the Slime Pits.
 24670 | Lair:6   | Found a viscous altar of Jiyva.
 24706 | Lair:7   | Reached skill level 8 in Fighting
 24755 | Lair:8   | Entered Level 8 of the Lair of Beasts
 24779 | Lair:8   | Slain by a death yak

Vault maps used:
D:1:      dpeg_arrival_ratfight, serial_bayou_ford_a, grunt_decor_cap,
          st_stairs_4
D:2:      gammafunk_temple_overflow_forgotten, kennysheep_minor_cross,
          trog_book, uniq_crazy_yiuf_cottage
D:3:      lemuel_coloured_pillars_altar, lemuel_round_altar, first_bread,
          hangedman_abyss_or_decor_lesser_grid, hangedman_decor_points,
          nemelex_diamond_rough_becter, uniq_jessica, uniq_natasha, uniq_grinder
D:4:      nicolae_tso_besieged_by_evil, minmay_temple_entry_grid,
          minmay_misc_feat_encased, nrook_loot_triangle, minmay_cupped
D:5:      uniq_pikel, uniq_sigmund
D:6:      serial_shops, shop, amethyst_killhole, minmay_misc_feat_plants,
          minmay_holes
D:7:      nicolae_ru_awakened_eye, lemuel_blue_sif_altar, grunt_livestock,
          hangedman_decor_riveting, abandoned_shop, uniq_duvessa
D:8:      nicolae_overflow_crystal_walls, xom_butterflies, erik_lair_island,
          serial_shops, nicolae_shop_stone
D:9:      lemuel_round_altar, zombieorc2_lemuel, serial_glass, glass_columns_b,
          glass_columns_a, glass_columns_b, glass_columns_a, glass_columns_c,
          glass_columns_c, glass_columns_a, glass_columns_c, glass_columns_c,
          glass_columns_a, glass_columns_c, glass_columns_a, glass_columns_a,
          glass_columns_a, nicolae_qazlal_style_of_elements
D:10:     bloody_makhleb
D:11:     lab_entry_generic, kennysheep_generic_room_13
D:12:     minmay_hidden_floor
D:13:     uniq_rupert, uniq_erolcha
Temple:   corrupted_temple
Lair:1:   beast_lair_carwin_large_1, grunt_megastairs_1
Lair:2:   kennysheep_abandoned_house, basic_altar, grunt_megastairs_2,
          infiniplex_staircase_pool
Lair:4:   pond_and_an_island_with_a_cottage, spider_nest_entry_web_field
Lair:5:   nicolae_swamp_entry_splash_gauntlet, basic_altar, serial_bayou_pond_a
Lair:6:   slime_altar_1, minivault_27
Lair:7:   boulder_dual_corridor_run
Lair:8:   wormcave, minivault_24, serial_bayou_lagoon_a, grunt_megastairs_4,
          serial_bayou_shore_b
Lab:      labyrinth_watery, nicolae_lab_quarters, labyrinth_lava_lair,
          labyrinth_skeletal_remains

Vanquished Creatures
  Rupert
  A tengu reaver
  A stone giant
  An ettin
  A minotaur
  A yaktaur captain Erolcha
  4 hydras
  A centaur warrior
  4 dancing weapons
  3 skeletal warriors
  2 unseen horrors
  4 hill giants Pikel
  A deep elf mage
  2 griffons
  2 ugly things
  2 cyclopes
  2 centaur zombies
  4 elephants
  A manticore
  4 black mambas
  7 spiny frogs
  2 gargoyles
  A centaur skeleton
  A kobold demonologist
  6 komodo dragons
  A fire drake (shapeshifter)
  4 trolls Grinder
  3 two-headed ogres Sigmund
  A human
  A wyvern
  28 yaks
  3 basilisks
  2 steam dragons
  4 hippogriffs
  6 hungry ghosts
  A vampire mosquito
  A warg
  11 wolves
  A soldier ant (shapeshifter)
  10 water moccasins
  2 soldier ants Duvessa
  9 porcupines
  3 ice beasts
  2 sky beasts
  4 slaves
  3 ogres
  2 black bears
  5 phantoms
  3 orc warriors
  5 crocodiles
  9 centaurs
  2 big kobolds
  A gnoll sergeant
  13 giant frogs Dowan
  2 scorpions
  A wyvern skeleton
  A troll zombie
  6 killer bees
  8 wights
  3 electric eels
  4 crimson imps
  4 lava snakes
  2 quasits
  3 giant frog zombies
  8 hounds Crazy Yiuf
  A gnoll shaman
  8 orc priests
  3 jellies
  5 orc wizards
  6 giant frog skeletons Jessica
  13 iguanas
  6 hell rats
  Natasha (twice)
  11 worker ants
  16 sheep
  A killer bee zombie
  7 ogre zombies
  3 hound zombies
  A hound skeleton
  14 gnolls
  9 adders
  66 river rats
  2 shadow imps
  A white imp
  2 oozes
  2 adder zombies
  A worm
  7 giant geckos
  33 orcs
  9 giant cockroaches
  12 goblins
  10 hobgoblins
  20 jackals
  5 quokkas
  2 ball pythons
  7 bats
  A giant gecko zombie
  6 giant newts
  2 goblin skeletons
  6 goblin zombies
  A hobgoblin skeleton
  3 hobgoblin zombies
  9 kobolds
  2 kobold skeletons
  2 orc skeletons
  17 orc zombies
  A quokka skeleton
  17 rats
  A plant
602 creatures vanquished.
